 Dungeon Crawl Stone Soup version 0.29.1-2-gbd0b4ee654 (webtiles) character file.

Game seed: 11095589719026886698

22785 Godmorgon the Basher (level 13, -3/104 HPs)
             Began as a Formicid Abyssal Knight on Oct 24, 2022.
             Was a High Priest of Lugonu.
             Slain by a sun demon (21 damage)
             ... in a volcano.
             The game lasted 01:28:05 (18356 turns).

Godmorgon the Basher (Formicid Abyssal Knight)     Turns: 18356, Time: 01:28:05

Health: -3/104     AC: 13    Str: 23    XL:     13   Next: 30%
Magic:  14/22      EV:  8    Int: 10    God:    Lugonu [*****.]
Gold:   731        SH:  0    Dex: 14    Spells: 12/12 levels left

rFire   + + .      SeeInvis +   a - +0 giant club
rCold   + . .      Faith    .   (shield currently unavailable)
rNeg    . . .      Spirit   .   O - +2 chain mail {rPois}
rPois   +          Reflect  .   (helmet unavailable)
rElec   .          Harm     .   H - scarf {rC+ rF+}
rCorr   .          Rampage  .   (no gloves)
Will    +....                   s - +0 pair of boots
Stlth   ..........              p - amulet of the acrobat
HPRegen 0.27/turn               D - +4 ring of slaying
MPRegen 0.18/turn               q - ring of protection from fire

@: studying Fighting
A: permanent stasis, dig shafts and tunnels, antennae 3, four strong arms
a: Dig, Renounce Religion, Depart the Abyss, Bend Space, Banish, Corrupt, Enter
the Abyss


You were in a volcano.
You worshipped Lugonu.
Lugonu was extremely pleased with you.
You visited 3 branches of the dungeon, and saw 14 of its levels.
You visited the Abyss 1 time.
You also visited: Sewer and Volcano.

You collected 731 gold pieces.

Inventory:

Hand Weapons
 a - a +0 giant club (weapon)
 b - a +0 demon whip of venom
 c - a +0 dire flail
Missiles
 n - 11 poisoned darts (quivered)
 x - 2 datura-tipped darts
 B - 14 boomerangs of dispersal
 E - 14 boomerangs
 K - a throwing net
 M - 2 silver boomerangs
Armour
 s - a +0 pair of boots (worn)
 H - a scarf of resistance (worn)
 O - a +2 chain mail of poison resistance (worn)
Jewellery
 i - a +6 ring of strength
 p - an amulet of the acrobat (around neck)
 q - a ring of protection from fire (right hand)
 D - a +4 ring of slaying (left hand)
Wands
 k - a wand of acid (13)
 t - a wand of charming (17)
 u - a wand of flame (31)
Scrolls
 f - 3 scrolls of vulnerability
 j - 2 scrolls of fear
 l - a scroll of summoning
 m - a scroll of torment
 r - a scroll of immolation
 v - a scroll of brand weapon {unknown}
 w - a scroll of fog
 y - 2 scrolls of acquirement
 C - a scroll of enchant weapon {unknown}
 J - a scroll of enchant armour
 L - a scroll of magic mapping {unknown}
Potions
 e - a potion of attraction {unknown}
 h - 2 potions of flight {unknown}
 z - 2 potions of mutation {unknown}
 A - 2 potions of haste {unknown}
 G - 3 potions of lignification
 N - a potion of might {unknown}
 P - a potion of magic {unknown}


   Skills:
 + Level 10.7 Fighting
 * Level 14.1 Maces & Flails
 + Level 6.8 Throwing
 * Level 5.5 Armour
 - Level 0.8 Dodging
 + Level 13.0 Invocations


You had 12 spell levels left.
You didn't know any spells.
Your spell library was empty.

Dungeon Overview and Level Annotations

Branches:
Dungeon (9/15)             Temple (1/1) D:7            Lair (4/5) D:8
  Swamp (0/4) Lair:2       Spider (0/4) Lair:3        Sewer (visited)
Volcano (1/1)
  Slime: Lair:4-5       Orc: D:9-12

Altars:
Ashenzari
Cheibriados
Dithmenos
Elyvilon
Fedhas
Gozag
Hepliaklqana
Kikubaaqudgha
Makhleb
Nemelex Xobeh
Okawaru
Qazlal
Ru
Sif Muna
Trog
Uskayaw
Vehumet
Wu Jian
Xom
Yredelemnul
Zin
The Shining One

Annotations:
D:4 1 runed translucent door, angelusfrater's ghost, novice HOFi
Lair:1 1 runed translucent door, lotum's ghost, journeyman DsAK
Abyss:1 Prince Ribbit


Innate Abilities, Weirdness & Mutations

You cannot be hasted, slowed, berserked, paralysed or teleported.
You can dig through walls and to a lower floor.
You have a pair of large antennae on your head. (SInv)
Your four strong arms can wield two-handed weapons with a shield.


Message History

You barely miss the sun demon.
The sun demon is severely wounded.
The sun demon hits you!
You are engulfed in flames.
You resist.
You barely miss the sun demon.
The sun demon is severely wounded.
The sun demon hits you!
You are engulfed in flames.
You resist. The sun demon barely misses you.
You miss the sun demon.
The sun demon is severely wounded.
The sun demon closely misses you. The sun demon hits you!
You are engulfed in flames.
You resist.
You barely miss the sun demon.
The sun demon is heavily wounded.
The sun demon barely misses you. The sun demon hits you!
* * * LOW HITPOINT WARNING * * *
You are engulfed in flames.
You resist.
* * * LOW HITPOINT WARNING * * *
Press: ? - help, v - describe, . - travel
Here: a sun demon The floor.
Press: ? - help, Shift-Dir - straight line, f - sun demon
Aim: a sun demon (heavily wounded, chance to affect: 42%)
The sun demon resists with some effort.
The sun demon hits you but does no damage.
The sun demon hits you.
* * * LOW HITPOINT WARNING * * *
You are engulfed in flames.
You resist.
* * * LOW HITPOINT WARNING * * *
Space bends violently around you!
You blink.
Press: ? - help, v - describe, . - travel
Here: a sun demon The floor.
You feel better.
Press: ? - help, v - describe, . - travel
Here: a sun demon (heavily wounded)
The floor.
Press: ? - help, Shift-Dir - straight line, f - sun demon, p - sun demon
Aim: a sun demon (chance to affect: 42%)
The sun demon resists with some effort.
The sun demon hits you!!
You die...

#†##...# 83.8.3.§§.##
#..#§§.## #§.§.# #.....§.#
##...# #....§§.# ##3..
#.#...§.## #...
#........######## #.§.
#..##.....#.....## #####...
##..##...........# ##§.≈#..≈
##.###.[....@3..#####§......≈
#...####......3..#.#§.§..≈...
##....##..§..........§.....≈.
##....#§§#####..........#...
#....§§§# ##......##.....
#.§.§§§.## #.....###.#.#.
##.§.§...## #....## ##...#
##.......####.≈#..## ###..
##......≈#≈#......## #..


You could see 2 sun demons.

Vanquished Creatures
  2 boulder beetles (Lair:2)
  A catoblepas (Lair:2)
  Erica (D:8)
  A two-headed ogre (D:9)
  A sun demon (Volcano)
  Amaemon (Lair:2)
  3 smoke demons (Volcano)
  8 cane toads
  A black mamba (Lair:2)
  An orange demon (Lair:2)
  A kobold demonologist (D:9)
  Maggie (D:6)
  2 rime drakes (Lair:3)
  4 komodo dragons
  2 polar bears (Lair:3)
  4 blink frogs (Lair:2)
  Grinder (D:3)
  2 jumping spiders (Lair:3)
  A fire elemental (Lair:1)
  14 yaks
  6 basilisks
  2 wyverns
  A redback (Lair:3)
  4 steam dragons
  3 vampire mosquitoes (Lair:2)
  A hell hound (Volcano)
  6 water moccasins
  5 orc warriors
  An ice beast (D:8)
  5 black bears
  Pargi (Sewer)
  9 wolves
  3 ogres
  3 centaurs
  3 kobold brigands
  2 phantoms
  Blork the orc (D:5)
  12 bullfrogs
  4 scorpions
  7 wights (D:9)
  6 killer bees (D:9)
  A howler monkey (D:7)
  2 electric eels
  2 jellies
  6 orc priests
  2 hounds
  Crazy Yiuf (D:5)
  7 iguanas
  11 orc wizards
  6 adders
  4 gnolls (D:5)
  2 shadow imps (D:7)
  2 white imps
  A worm (D:2)
  4 dart slugs
  34 orcs
  3 ball pythons
  4 endoplasms
  8 giant cockroaches
  5 goblins
  6 hobgoblins
  4 jackals (D:2)
  26 kobolds
  5 quokkas
  5 bats
  3 frilled lizards
  5 rats
296 creatures vanquished.

Vanquished Creatures (collateral kills)
  A bullfrog (Lair:4)
1 creature vanquished.

Vanquished Creatures (others)
  8 fungi
  13 plants
21 creatures vanquished.

Grand Total: 318 creatures vanquished

Notes
Turn   | Place    | Note
-------+----------+-------------------------------------------
     0 | Abyss:1  | Godmorgon the Formicid Abyssal Knight began the quest for
                  | the Orb.
     0 | Abyss:1  | Reached XP level 1. HP: 18/18 MP: 2/2
     1 | D:1      | Escaped the Abyss
   105 | D:1      | Reached XP level 2. HP: 21/24 MP: 3/3
   493 | D:1      | Reached XP level 3. HP: 28/29 MP: 4/4
   971 | D:2      | Reached skill level 3 in Maces & Flails
  1118 | D:2      | Found a faded altar of an unknown god.
  1192 | D:2      | Reached XP level 4. HP: 30/37 MP: 6/6
  1398 | D:2      | Reached *** piety under Lugonu
  1845 | D:3      | Found a shadowy altar of Dithmenos.
  2003 | D:3      | Found a glowing drain.
  2040 | D:3      | Noticed Grinder
  2048 | Sewer    | Entered a sewer
  2051 | Sewer    | Noticed Pargi
  2060 | Sewer    | Killed Pargi
  2061 | Sewer    | Reached skill level 4 in Maces & Flails
  2061 | Sewer    | Reached XP level 5. HP: 20/42 MP: 6/8
  2561 | D:3      | Killed Grinder
  2562 | D:3      | Reached skill level 5 in Invocations
  2562 | D:3      | Reached XP level 6. HP: 4/49 MP: 9/9
  2562 | D:3      | Reached XP level 7. HP: 5/55 MP: 10/10
  3079 | D:4      | Reached skill level 5 in Maces & Flails
  3145 | D:4      | Found a basalt altar of Yredelemnul.
  3256 | D:4      | Reached skill level 5 in Fighting
  3764 | D:4      | Reached XP level 8. HP: 60/62 MP: 12/12
  3783 | D:4      | Found a runed translucent door.
  3783 | D:4      | Noticed angelusfrater's ghost (novice HOFi)
  3885 | D:5      | Entered Level 5 of the Dungeon
  4063 | D:5      | Reached **** piety under Lugonu
  4065 | D:5      | Reached skill level 6 in Maces & Flails
  4100 | D:5      | Reached skill level 1 in Throwing
  4197 | D:5      | Noticed Prince Ribbit
  4213 | D:5      | Banished Prince Ribbit
  4504 | D:5      | Noticed Blork the orc
  4508 | D:5      | Killed Blork the orc
  4674 | D:5      | Reached XP level 9. HP: 69/69 MP: 14/14
  5030 | D:5      | Reached skill level 7 in Maces & Flails
  5175 | D:5      | Found a runed translucent door.
  5176 | D:5      | Noticed Crazy Yiuf
  5183 | D:5      | Killed Crazy Yiuf
  6044 | D:6      | Found an iron altar of Okawaru.
  6044 | D:6      | Found an opulent altar of Gozag.
  6045 | D:6      | Found a sparkling altar of Nemelex Xobeh.
  6095 | D:6      | Noticed Maggie
  6110 | D:6      | Killed Maggie
  6111 | D:6      | Reached skill level 8 in Maces & Flails
  6118 | D:6      | Found a shimmering blue altar of Sif Muna.
  6314 | D:6      | Found a bloodstained altar of Trog.
  7039 | D:7      | Found a staircase to the Ecumenical Temple.
  7238 | D:7      | Reached XP level 10. HP: 51/79 MP: 16/16
  7243 | D:7      | HP: 1/79 [orc priest/divine providence (12)]
  7244 | Temple   | Entered the Ecumenical Temple
  8603 | D:7      | Reached skill level 9 in Maces & Flails
  8670 | D:7      | Found a radiant altar of Vehumet.
  8670 | D:7      | Found a blossoming altar of Fedhas.
  8754 | D:8      | Noticed Erica
  8819 | D:8      | Found a staircase to the Lair.
  9343 | D:7      | Reached skill level 5 in Throwing
  9570 | D:8      | Killed Erica
  9652 | D:8      | Reached skill level 10 in Invocations
  9912 | D:9      | Noticed a kobold demonologist
  9914 | D:9      | Reached skill level 10 in Maces & Flails
  9916 | D:9      | Killed a kobold demonologist
  9917 | D:9      | Reached XP level 11. HP: 85/87 MP: 18/18
 10481 | D:9      | Noticed a two-headed ogre
 10511 | D:9      | Killed a two-headed ogre
 10958 | D:9      | Reached ***** piety under Lugonu
 11340 | Lair:1   | Entered Level 1 of the Lair of Beasts
 11409 | Lair:1   | Reached skill level 11 in Maces & Flails
 11857 | Lair:1   | Found a runed translucent door.
 11857 | Lair:1   | Noticed lotum's ghost (journeyman DsAK)
 12645 | Lair:2   | Noticed a boulder beetle
 12687 | Lair:2   | Killed a boulder beetle
 13004 | Lair:2   | Noticed Amaemon
 13020 | Lair:2   | HP: 2/89 [orange demon[Amaemon] (4)]
 13023 | Lair:2   | Killed Amaemon
 13027 | Lair:2   | Reached skill level 12 in Maces & Flails
 13027 | Lair:2   | Reached XP level 12. HP: 37/97 MP: 20/20
 13493 | Lair:2   | Reached skill level 10 in Fighting
 13686 | Lair:2   | Noticed a catoblepas
 13707 | Lair:2   | Killed a catoblepas
 14204 | Lair:2   | Reached skill level 13 in Maces & Flails
 14479 | Lair:2   | Found a staircase to the Swamp.
 14479 | Lair:2   | Noticed a boulder beetle
 14501 | Lair:2   | Killed a boulder beetle
 14947 | Lair:3   | Found a hole to the Spider Nest.
 16114 | Lair:3   | Reached XP level 13. HP: 68/103 MP: 22/22
 17239 | Lair:4   | Identified 3 scrolls of acquirement
 17239 | Lair:4   | Acquired a manual of Fighting
 17298 | Lair:4   | Found a dark tunnel.
 17314 | Volcano  | Entered a volcano
 17596 | Volcano  | Reached skill level 5 in Armour
 17615 | Volcano  | Reached skill level 14 in Maces & Flails
 17617 | Volcano  | HP: 4/104 [hell hound (5)]
 18356 | Volcano  | Slain by a sun demon

Illustrated notes

Levels and vault maps discovered:
D:1:      denvon_arrival_planthouse, layout_basic, nrook_loot_triangle
D:2:      layout_basic, ebering_ecumenical_altar_rust, minmay_liquid_box
D:3:      layout_rooms, mainiacjoe_overflow_small_starburst,
          portal_sewer_entry_f, uniq_grinder
D:4:      layout_cave_pools, mainiacjoe_overflow_brackets,
          ebering_ghost_inner_flame
D:5:      layout_basic, uniq_prince_ribbit1, uniq_blork_the_orc,
          uniq_crazy_yiuf_cottage
D:6:      layout_basic, nzn_overflow_gifts_of_might_and_magic,
          chequers_temple_overflow_statue_of_worship, minmay_unpleasant_kobolds,
          uniq_maggie
D:7:      layout_basic, nicolae_overflow_two_pavilions,
          minmay_temple_entry_gardened_gates, abandoned_shop,
          nicolae_zen_rock_garden
D:8:      layout_cave_pools, lair_entry_dummy, uniq_erica
D:9:      layout_basic, serial_co_window_serial, co_window_paths_a,
          co_window_cross_1, co_window_paths_a, co_window_paths_a,
          co_window_paths_a, co_window_of_opportunity_b, co_window_broadway_b,
          co_window_corner_b, co_window_2corner, co_window_broadway_a,
          co_window_paths_c, co_window_4corner_b, co_window_paths_d,
          glass_columns_a, glass_columns_a, glass_columns_a, glass_columns_b
Temple:   nicolae_temple_bog_church
Lair:1:   layout_gridlike, gammafunk_ghost_grave, chequers_serial_rivers_micro_b
Lair:2:   layout_layer_cave, minmay_swamp_entry_swarm,
          nicolae_quartered_pool_super, st_stairs_8, grunt_megastairs_2,
          uniq_amaemon
Lair:3:   wander_river, layout_hall_layers, spider_nest_entry_a
Lair:4:   nzn_winding_woodlands_large [nzn_winding_woodlands_5x5_closed_star,
          nzn_winding_woodlands_5x15_zeroes,
          nzn_winding_woodlands_5x5_perimeter,
          nzn_winding_woodlands_center_garden,
          nzn_winding_woodlands_15x15_five_gardens,
          nzn_winding_woodlands_center_triple_pond,
          nzn_winding_woodlands_5x5_open_star,
          nzn_winding_woodlands_5x15_pathside_ponds,
          nzn_winding_woodlands_5x5_cross], layout_regular_city,
          nicolae_volcano_entry_hallway
Volcano:  hellmonk_smoking_crater

Skill      XL: |  1  2  3  4  5  6  7  8  9 10 11 12 13 |
---------------+----------------------------------------+-----
Maces & Flails | 3 4 5 6 8 10 12 13 14 | 14.1
Invocations    | 3 4 5 6 7 8 10 11 12 13 | 13.0
Fighting       | 4 5 6 7 8 9 10 | 10.7
Throwing       | 2 4 5 6 |  6.8
Armour         | 4 5 |  5.5
Dodging        | |  0.8

Action                   |  1- 3 |  4- 6 |  7- 9 | 10-12 | 13-15 || total
-------------------------+-------+-------+-------+-------+-------++-------
Melee: Mace              |    51 |       |       |       |       ||    51
       Punch             |     1 |     1 |       |     3 |     1 ||     6
       Dagger            |    20 |   115 |    54 |       |       ||   189
       Giant club        |       |       |   253 |   266 |    24 ||   543
       Dire flail        |       |       |       |    24 |       ||    24
       Demon whip        |       |       |       |   112 |    64 ||   176
 Fire: Sling             |    17 |     3 |     2 |       |       ||    22
Throw: Dart              |       |     1 |    40 |    22 |     9 ||    72
       Boomerang         |       |       |       |    21 |     7 ||    28
Invok: Banish            |       |       |     2 |       |     3 ||     5
       Bend Space        |       |       |       |       |     1 ||     1
 Abil: Dig               |     4 |       |       |       |       ||     4
Evoke: Wand              |       |     1 |     2 |     2 |       ||     5
  Use: Scroll            |       |     4 |     1 |     5 |     7 ||    17
       Potion            |       |     2 |     1 |     2 |     3 ||     8
Armor: Leather armour    |     7 |       |       |       |       ||     7
       Chain mail        |    29 |    55 |   159 |   194 |    23 ||   460
Dodge: Dodged            |    26 |    60 |   149 |   187 |    38 ||   460
